| TOP OF THE 1ST |
|
Hagerstown Suns batting - Pitching for Binghamton Mets : RHP Jason Horvath
|
|
Pitching: RHP Jason Horvath
|
|
|
Batting: RHB Kevin Whitenack
|
0-0: Ball 1-0: Swinging Strike 1-1: SINGLE (Line Drive, 4M, EV 109.4 MPH)
|
|
Batting: RHB John Savard
|
0-0: SINGLE (Line Drive, 8LS, EV 86.9 MPH) Kevin Whitenack to second
|
|
Batting: LHB Evan Oliveri
|
0-0: Ball 1-0: Foul Ball, location: 2F 1-1: Ground out 5-3 (Groundball, 5S, EV 68.1 MPH) Kevin Whitenack to third John Savard to second
|
|
Batting: RHB Nick Moreno
|
0-0: Called Strike 0-1: Ball 1-1: Fly out, F9 (Flyball, 9LD, EV 90.0 MPH) Runner from 3rd tags up, SCORES, throw by RF John Savard to third
|
|
Batting: RHB Ben Welt
|
0-0: Ball 1-0: Ball 2-0: Foul Ball, location: 2F 2-1: Swinging Strike 2-2: Strikes out looking
|
| Top of the 1st over - 1 run, 2 hits, 0 errors, 1 left on base; Hagerstown 1 - Binghamton 0 |
| BOTTOM OF THE 1ST |
|
Binghamton Mets batting - Pitching for Hagerstown Suns : RHP Brian Walker
|
|
Pitching: RHP Brian Walker
|
|
|
Batting: RHB Jack Nickleberry
|
0-0: Ball 1-0: Foul Ball, location: 2F 1-1: Ball 2-1: Ball 3-1: Foul Ball, location: 2F 3-2: Ground out 5-3 (Groundball, 56, EV 99.4 MPH)
|
|
Batting: RHB Chris Artz
|
0-0: Ball 1-0: Called Strike 1-1: Ground out 6-3 (Groundball, 6M, EV 105.0 MPH)
|
|
Batting: RHB Jose Lara
|
0-0: Swinging Strike 0-1: Ball 1-1: Swinging Strike 1-2: Strikes out swinging
|
| Bottom of the 1st over - 0 runs, 0 hits, 0 errors, 0 left on base; Hagerstown 1 - Binghamton 0 |
| TOP OF THE 2ND |
|
Hagerstown Suns batting - Pitching for Binghamton Mets : RHP Jason Horvath
|
|
Batting: RHB Steve Bauman
|
0-0: Ball 1-0: Ball 2-0: Ball 3-0: Called Strike 3-1: Foul Ball, location: 2F 3-2: Strikes out swinging
|
|
Batting: RHB Gabe Almazan
|
0-0: Swinging Strike 0-1: Ball 1-1: Swinging Strike 1-2: Ball 2-2: SINGLE (Groundball, 6MD, EV 97.5 MPH)
|
|
Batting: RHB Jim Towle
|
0-0: Ball 1-0: Called Strike 1-1: Ball 2-1: Called Strike 2-2: Ball 3-2: Foul Ball, location: 2F 3-2: Strikes out swinging
|
|
Batting: RHB Marcus Dawson
|
0-0: Ball 1-0: Swinging Strike 1-1: Called Strike 1-2: Strikes out swinging
|
| Top of the 2nd over - 0 runs, 1 hit, 0 errors, 1 left on base; Hagerstown 1 - Binghamton 0 |
| BOTTOM OF THE 2ND |
|
Binghamton Mets batting - Pitching for Hagerstown Suns : RHP Brian Walker
|
|
Batting: SHB Alex Cavazos
|
0-0: Foul Ball, location: 2F 0-1: Ball 1-1: Ball 2-1: Called Strike 2-2: Ground out 4-3 (Groundball, 4MD, EV 106.2 MPH)
|
|
Batting: SHB Jerry Burrows
|
0-0: Foul Ball, location: 2F 0-1: Ball 1-1: Ball 2-1: Foul Ball, location: 2F 2-2: Foul Ball, location: 2F 2-2: DOUBLE (Line Drive, 7LM, EV 112.5 MPH)
|
|
Batting: SHB Keith Casner
|
0-0: Ball 1-0: Foul Ball, location: 2F 1-1: Foul Ball, location: 2F 1-2: Strikes out swinging
|
|
Batting: RHB Mike Hanks
|
0-0: Ball 1-0: Ball 2-0: Ball 3-0: Called Strike 3-1: Foul Ball, location: 2F 3-2: Strikes out swinging
|
| Bottom of the 2nd over - 0 runs, 1 hit, 0 errors, 1 left on base; Hagerstown 1 - Binghamton 0 |
| TOP OF THE 3RD |
|
Hagerstown Suns batting - Pitching for Binghamton Mets : RHP Jason Horvath
|
|
Batting: RHB Kevin Whitenack
|
0-0: Swinging Strike 0-1: Fly out, F8 (Flyball, 78M, EV 78.1 MPH)
|
|
Batting: RHB John Savard
|
0-0: Ball 1-0: Ground out 6-3 (Groundball, 56, EV 79.4 MPH)
|
|
Batting: LHB Evan Oliveri
|
0-0: Foul Ball, location: 2F 0-1: Ground out U3 (Groundball, 3, EV 86.9 MPH)
|
| Top of the 3rd over - 0 runs, 0 hits, 0 errors, 0 left on base; Hagerstown 1 - Binghamton 0 |
| BOTTOM OF THE 3RD |
|
Binghamton Mets batting - Pitching for Hagerstown Suns : RHP Brian Walker
|
|
Batting: RHB Jim Freels
|
0-0: Ball 1-0: Called Strike 1-1: SINGLE (Groundball, 56D, EV 95.0 MPH)
|
|
Batting: RHB Michael Youngberry
|
0-0: Called Strike 0-1: Called Strike 0-2: Ball 1-2: Ball 2-2: Strikes out swinging
|
|
Batting: RHB Jack Nickleberry
|
0-0: Ball 1-0: Called Strike Jim Freels is caught stealing 2nd base 2-4 1-1: Called Strike 1-2: Ball 2-2: Strikes out swinging
|
| Bottom of the 3rd over - 0 runs, 1 hit, 0 errors, 0 left on base; Hagerstown 1 - Binghamton 0 |
| TOP OF THE 4TH |
|
Hagerstown Suns batting - Pitching for Binghamton Mets : RHP Jason Horvath
|
|
Batting: RHB Nick Moreno
|
0-0: Ground out 1-3 (Groundball, 13S, EV 71.9 MPH)
|
|
Batting: RHB Ben Welt
|
0-0: Ball 1-0: DOUBLE (Line Drive, 78D, EV 101.9 MPH)
|
|
Batting: RHB Steve Bauman
|
0-0: Ball 1-0: Ball 2-0: Ball 3-0: Called Strike 3-1: Base on Balls
|
|
Pitching: RHP Jean-Pierre Carpentier
|
|
|
Batting: RHB Gabe Almazan
|
0-0: Called Strike 0-1: Foul Ball, location: 2F 0-2: Ball 1-2: Strikes out looking
|
|
Batting: RHB Jim Towle
|
0-0: Foul Ball, location: 2F 0-1: Fly out, F8 (Flyball, 8LM, EV 75.6 MPH)
|
| Top of the 4th over - 0 runs, 1 hit, 0 errors, 2 left on base; Hagerstown 1 - Binghamton 0 |
| BOTTOM OF THE 4TH |
|
Binghamton Mets batting - Pitching for Hagerstown Suns : RHP Brian Walker
|
|
Batting: RHB Chris Artz
|
0-0: Ball 1-0: Foul Ball, location: 2F 1-1: Swinging Strike 1-2: Ball 2-2: Foul Ball, location: 2F 2-2: Strikes out swinging
|
|
Batting: RHB Jose Lara
|
0-0: Foul Ball, location: 2F 0-1: SINGLE (Groundball, 56D, EV 101.2 MPH)
|
|
Batting: SHB Alex Cavazos
|
0-0: Called Strike 0-1: Ball 1-1: Swinging Strike 1-2: Foul Ball, location: 2F 1-2: Foul Ball, location: 2F 1-2: Strikes out swinging
|
|
Batting: SHB Jerry Burrows
|
0-0: Called Strike 0-1: Ball 1-1: Called Strike 1-2: Ball 2-2: Ball 3-2: Ground out 1-3 (Groundball, 13S, EV 71.9 MPH)
|
| Bottom of the 4th over - 0 runs, 1 hit, 0 errors, 1 left on base; Hagerstown 1 - Binghamton 0 |
| TOP OF THE 5TH |
|
Hagerstown Suns batting - Pitching for Binghamton Mets : RHP Jean-Pierre Carpentier
|
|
Batting: RHB Marcus Dawson
|
0-0: Bunted foul 0-1: Called Strike 0-2: Ball 1-2: Strikes out swinging
|
|
Batting: RHB Kevin Whitenack
|
0-0: Ground out 4-3 (Groundball, 34D, EV 106.9 MPH)
|
|
Batting: RHB John Savard
|
0-0: Ball 1-0: Foul Ball, location: 2F 1-1: SINGLE (Flyball, 6D, EV 87.5 MPH)
|
|
Batting: LHB Evan Oliveri
|
0-0: Ball 1-0: Fly out, F6 (Popup, 6M, EV 60.6 MPH)
|
| Top of the 5th over - 0 runs, 1 hit, 0 errors, 1 left on base; Hagerstown 1 - Binghamton 0 |
| BOTTOM OF THE 5TH |
|
Binghamton Mets batting - Pitching for Hagerstown Suns : RHP Brian Walker
|
|
Batting: SHB Keith Casner
|
0-0: Ball 1-0: Foul Ball, location: 2F 1-1: Ball 2-1: DOUBLE (Line Drive, 7LM, EV 100.6 MPH)
|
|
Batting: RHB Mike Hanks
|
0-0: Ball 1-0: Fly out, F9 (Flyball, 9, EV 91.2 MPH)
|
|
Batting: RHB Jim Freels
|
0-0: Foul Ball, location: 2F 0-1: Ball 1-1: Called Strike 1-2: Ball 2-2: Strikes out swinging
|
|
Batting: RHB Michael Youngberry
|
0-0: Ball 1-0: Foul Ball, location: 2F 1-1: Called Strike 1-2: Foul Ball, location: 2F 1-2: SINGLE (Groundball, 34S, EV 89.4 MPH) (infield hit) Keith Casner to third
|
|
Pitching: LHP Gregg Huddleston
|
|
|
Batting: RHB Jack Nickleberry
|
0-0: Ball 1-0: Ball 2-0: Called Strike 2-1: Fielders Choice at 2nd, 5-4 (Groundball, 5L, EV 85.6 MPH)
|
| Bottom of the 5th over - 0 runs, 2 hits, 0 errors, 2 left on base; Hagerstown 1 - Binghamton 0 |
| TOP OF THE 6TH |
|
Hagerstown Suns batting - Pitching for Binghamton Mets : RHP Jean-Pierre Carpentier
|
|
Batting: RHB Nick Moreno
|
0-0: Ball 1-0: Called Strike 1-1: Called Strike 1-2: Ball 2-2: Ball 3-2: Base on Balls
|
|
Batting: RHB Ben Welt
|
0-0: Called Strike 0-1: Ball 1-1: Ball 2-1: Ball 3-1: Foul Ball, location: 2F 3-2: Base on Balls Nick Moreno to second
|
|
Batting: RHB Steve Bauman
|
0-0: Ball 1-0: SINGLE (Groundball, 34D, EV 93.8 MPH) Nick Moreno to third Ben Welt to second Runner from 3rd tries for Home, SAFE, throw by RF to home
|
|
Batting: RHB Gabe Almazan
|
0-0: Ball 1-0: Fly out, F9 (Flyball, 89M, EV 85.6 MPH)
|
|
Batting: RHB Jim Towle
|
0-0: Foul Ball, location: 2F 0-1: Ball Ben Welt steals 3rd base Steve Bauman to second 1-1: Swinging Strike 1-2: Ball 2-2: Strikes out swinging
|
|
Pitching: RHP Amare Golden
|
|
|
Batting: RHB Marcus Dawson
|
0-0: Ground out U3 (Groundball, 3, EV 110.6 MPH)
|
| Top of the 6th over - 1 run, 1 hit, 0 errors, 2 left on base; Hagerstown 2 - Binghamton 0 |
| BOTTOM OF THE 6TH |
|
Binghamton Mets batting - Pitching for Hagerstown Suns : LHP Gregg Huddleston
|
|
Batting: RHB Chris Artz
|
0-0: Foul Ball, location: 2F 0-1: Ball 1-1: Foul Ball, location: 2F 1-2: Ground out 5-3 (Groundball, 56, EV 102.5 MPH)
|
|
Batting: RHB Jose Lara
|
0-0: Ball 1-0: Ball 2-0: Ball 3-0: Base on Balls
|
|
Batting: SHB Alex Cavazos
|
0-0: Ball 1-0: SINGLE (Line Drive, 4D, EV 101.2 MPH) Jose Lara to second
|
|
Batting: SHB Jerry Burrows
|
0-0: Fielders Choice at 2nd, 1-4 (Groundball, 15S, EV 63.8 MPH) Jose Lara to third
|
|
Batting: SHB Keith Casner
|
0-0: Ball 1-0: Ball 2-0: Called Strike 2-1: Foul Ball, location: 2F 2-2: Foul Ball, location: 2F 2-2: Strikes out swinging
|
| Bottom of the 6th over - 0 runs, 1 hit, 0 errors, 2 left on base; Hagerstown 2 - Binghamton 0 |
| TOP OF THE 7TH |
|
Hagerstown Suns batting - Pitching for Binghamton Mets : RHP Amare Golden
|
|
Batting: RHB Kevin Whitenack
|
0-0: Ball 1-0: SINGLE (Line Drive, 7S, EV 105.0 MPH)
|
|
Batting: RHB John Savard
|
0-0: Ball Kevin Whitenack is caught stealing 2nd base 2-4 1-0: Foul Ball, location: 2F 1-1: Fly out, F9 (Flyball, 9, EV 88.1 MPH)
|
|
Batting: LHB Evan Oliveri
|
0-0: Ball 1-0: Ball 2-0: Called Strike 2-1: Ball 3-1: Called Strike 3-2: Base on Balls
|
|
Batting: RHB Nick Moreno
|
0-0: Called Strike 0-1: Ball 1-1: Fly out, F7 (Flyball, 78D, EV 99.4 MPH)
|
| Top of the 7th over - 0 runs, 1 hit, 0 errors, 1 left on base; Hagerstown 2 - Binghamton 0 |
| BOTTOM OF THE 7TH |
|
Binghamton Mets batting - Pitching for Hagerstown Suns : LHP Gregg Huddleston
|
|
Pitching: RHP Steve Barnes
|
|
|
Batting: RHB Mike Hanks
|
0-0: Ground out 6-3 (Groundball, 6, EV 105.6 MPH)
|
|
Batting: RHB Jim Freels
|
0-0: Called Strike 0-1: Swinging Strike 0-2: Strikes out swinging
|
|
Batting: RHB Michael Youngberry
|
0-0: Called Strike 0-1: Ball 1-1: Foul Ball, location: 2F 1-2: Foul Ball, location: 2F 1-2: Ball 2-2: Ball 3-2: Strikes out swinging
|
| Bottom of the 7th over - 0 runs, 0 hits, 0 errors, 0 left on base; Hagerstown 2 - Binghamton 0 |
| TOP OF THE 8TH |
|
Hagerstown Suns batting - Pitching for Binghamton Mets : RHP Amare Golden
|
|
Pitching: RHP Iwao Machida
|
|
|
Batting: RHB Ben Welt
|
0-0: Ball 1-0: Foul Ball, location: 2F 1-1: Foul Ball, location: 2F 1-2: Ball 2-2: Fly out, F9 (Flyball, 89S, EV 90.0 MPH)
|
|
Batting: RHB Steve Bauman
|
0-0: SINGLE (Groundball, 6MD, EV 98.8 MPH)
|
|
Batting: RHB Gabe Almazan
|
0-0: Ball 1-0: Ball 2-0: Swinging Strike 2-1: Foul Ball, location: 2F 2-2: Strikes out swinging
|
|
Batting: RHB Jim Towle
|
0-0: Ball 1-0: Ball 2-0: Ball 3-0: Base on Balls Steve Bauman to second
|
|
Batting: RHB Marcus Dawson
|
0-0: Called Strike 0-1: Swinging Strike 0-2: Fielders Choice at 2nd, 6-4 (Groundball, 56, EV 96.2 MPH)
|
| Top of the 8th over - 0 runs, 1 hit, 0 errors, 2 left on base; Hagerstown 2 - Binghamton 0 |
| BOTTOM OF THE 8TH |
|
Binghamton Mets batting - Pitching for Hagerstown Suns : RHP Steve Barnes
|
|
Pitching: RHP Chris Doty
|
|
|
Batting: RHB Jack Nickleberry
|
0-0: Ball 1-0: Ball 2-0: Ground out 4-3 (Groundball, 4, EV 85.6 MPH)
|
|
Batting: RHB Chris Artz
|
0-0: Ball 1-0: Ball 2-0: Called Strike 2-1: Ground out 6-3 (Groundball, 6, EV 103.1 MPH)
|
|
Batting: RHB Jose Lara
|
0-0: Ball 1-0: Fly out, F5 (Popup, 5F, EV 65.6 MPH)
|
| Bottom of the 8th over - 0 runs, 0 hits, 0 errors, 0 left on base; Hagerstown 2 - Binghamton 0 |
| TOP OF THE 9TH |
|
Hagerstown Suns batting - Pitching for Binghamton Mets : RHP Iwao Machida
|
|
Pitching: RHP Gabe Kelso
|
|
|
Batting: RHB Kevin Whitenack
|
0-0: Called Strike 0-1: Ball 1-1: Foul Ball, location: 2F 1-2: Ball 2-2: SINGLE (Line Drive, 8LS, EV 93.8 MPH)
|
|
Batting: RHB John Savard
|
0-0: Bunt missed! 0-1: Bunt missed! 0-2: Foul Ball, location: 2F 0-2: Ball 1-2: Strikes out swinging
|
|
Batting: LHB Evan Oliveri
|
0-0: Ball 1-0: Ball 2-0: Called Strike 2-1: Ball Kevin Whitenack steals 2nd base 3-1: Foul Ball, location: 2F 3-2: Strikes out swinging
|
|
Batting: RHB Nick Moreno
|
0-0: Ball 1-0: Swinging Strike 1-1: Swinging Strike 1-2: Fly out, F7 (Flyball, 7, EV 93.8 MPH)
|
| Top of the 9th over - 0 runs, 1 hit, 0 errors, 1 left on base; Hagerstown 2 - Binghamton 0 |
| BOTTOM OF THE 9TH |
|
Binghamton Mets batting - Pitching for Hagerstown Suns : RHP Chris Doty
|
|
Pitching: RHP Gareth Cutts
|
|
|
Batting: SHB Alex Cavazos
|
0-0: Ground out 2-3 (Groundball, 15S, EV 68.8 MPH)
|
|
Batting: SHB Jerry Burrows
|
0-0: Ball 1-0: Swinging Strike 1-1: Foul Ball, location: 2F 1-2: Foul Ball, location: 2F 1-2: Ball 2-2: Ball 3-2: Foul Ball, location: 2F 3-2: Strikes out swinging
|
|
Batting: SHB Keith Casner
|
0-0: Called Strike 0-1: Called Strike 0-2: Ball 1-2: Strikes out looking
|
| Bottom of the 9th over - 0 runs, 0 hits, 0 errors, 0 left on base; Hagerstown 2 - Binghamton 0 |
|